Map: Galactic Process LE

Players

Wiper - Winner!

  • Race: Zerg Zerg
  • League: Diamond

ZeKk

  • Race: Protoss Protoss
  • League: Diamond

VOD

Have the link to the VOD?

Description

Time

  • Played on: Nov. 13, 2016, 8:32 p.m.
  • Length: 7:50
Show
View Real Time Build Order
Export as new Build Order

Wiper Zerg - Winner!

Build Orders: Hatch First 

Get SALT Encoding   

  12  0:01  Drone  
  13  0:13  Overlord  
  13  0:17  Drone  
  14  0:31  Drone x2  
  16  0:36  Drone  
  17  0:59  Drone  
  17  1:01  Extractor  
  17  1:04  Hatchery  
  16  1:11  Drone  
  16  1:17  Spawning Pool  
  16  1:26  Drone x2  
  18  1:42  Drone  
  18  1:43  Drone  
  20  1:55  Drone  
  21  2:06  Metabolic Boost  
  21  2:08  Drone  
  22  2:15  Queen x2  
  24  2:17  Overlord  
  24  2:19  Zergling x2  
  27  2:29  Drone  
  28  2:37  Zergling x2  
  28  2:38  Zergling x2  
  28  2:39  Overlord  
  30  2:52  Zergling x4  
  30  2:56  Zergling x2  
  33  3:01  Baneling Nest  
  32  3:09  Zergling x2  
  32  3:10  Zergling x2, Overlord  
  34  3:13  Queen  
  36  3:26  Drone x3  
  39  3:27  Zergling x4  
  39  3:28  Zergling x2  
  39  3:29  Overlord  
  41  3:49  Zergling x8  
  41  3:50  Overlord  
  42  4:05  Zergling x4  
  42  4:06  Zergling x10  
  47  4:10  Zergling x2  
  47  4:29  Lair  
  47  4:35  Baneling x3  
  47  4:36  Baneling  
  47  4:42  Zergling x2  
  47  4:43  Zergling x10  
  47  4:44  Overlord  
  47  4:45  Zergling x4  
  54  4:46  Zergling x2  
  48  5:02  Zergling x8  
  49  5:10  Baneling x4  
  49  5:11  Baneling x2  
  49  5:13  Zergling x12  
  45  5:43  Zergling x2  
  45  5:44  Zergling x10  
  48  5:57  Zergling x10  
  45  6:00  Zergling x2  
  47  6:15  Zergling x2  
  47  6:16  Zergling x2  
  45  6:31  Zergling x2  
  45  6:32  Zergling x4  
  42  6:47  Zergling x6  
  42  6:50  Zergling x2  
  40  7:05  Zergling x6  
  40  7:06  Zergling x10  
  48  7:10  Roach Warren  
  44  7:29  Zergling x2  
  44  7:30  Zergling x8  
  53  7:42  Hatchery  
Show
View Real Time Build Order
Export as new Build Order

ZeKk Protoss 

Build Orders: 1 Gate Expand 

Get SALT Encoding   

  12  0:01  Probe (Chrono Boost)  
  13  0:11  Probe (Chrono Boost)  
  14  0:23  Pylon  
  14  0:25  Probe (Chrono Boost)  
  15  0:41  Probe (Chrono Boost)  
  16  0:47  Assimilator  
  16  0:49  Gateway  
  16  0:52  Probe (Chrono Boost)  
  17  1:02  Probe (Chrono Boost)  
  18  1:13  Probe (Chrono Boost)  
  19  1:29  Nexus  
  19  1:30  Probe (Chrono Boost)  
  20  1:41  Cybernetics Core  
  20  1:45  Probe (Chrono Boost)  
  21  1:51  Assimilator  
  21  1:55  Pylon  
  21  1:59  Probe (Chrono Boost)  
  22  2:09  Probe (Chrono Boost)  
  22  2:11  Warp Gate  
  23  2:20  Probe (Chrono Boost), Adept  
  26  2:30  Probe (Chrono Boost)  
  26  2:34  Twilight Council  
  27  2:42  Probe (Chrono Boost)  
  28  2:46  Pylon  
  28  2:47  Probe (Chrono Boost)  
  29  2:52  Adept  
  31  2:59  Probe (Chrono Boost)  
  31  3:00  Probe (Chrono Boost)  
  33  3:06  Resonating Glaives  
  33  3:11  Probe (Chrono Boost)  
  33  3:12  Probe (Chrono Boost)  
  35  3:20  Adept  
  35  3:25  Gateway  
  37  3:30  Gateway  
  37  3:36  Probe (Chrono Boost)  
  37  3:38  Probe (Chrono Boost)  
  39  3:46  Adept  
  42  3:50  Probe (Chrono Boost)  
  42  3:58  Mothership Core (Chrono Boost)  
  30  4:14  Probe (Chrono Boost)  
  32  4:18  Probe (Chrono Boost)  
  32  4:26  Probe (Chrono Boost)  
  32  4:30  Probe (Chrono Boost)  
  31  4:39  Adept  
  31  4:40  Adept x2  
  31  4:42  Probe (Chrono Boost)  
  39  4:53  Probe (Chrono Boost)  
  39  4:54  Probe (Chrono Boost)  
  40  5:00  Adept  
  40  5:01  Adept x2  
  40  5:06  Probe (Chrono Boost)  
  41  5:13  Pylon  
  41  5:14  Pylon  
  41  5:19  Probe (Chrono Boost)  
  43  5:22  Probe (Chrono Boost)  
  43  5:26  Nexus  
  43  5:31  Probe (Chrono Boost)  
  42  5:44  Pylon  
  42  5:46  Probe (Chrono Boost)  
  42  5:51  Pylon  
  31  5:58  Probe (Chrono Boost)  
  31  6:02  Probe (Chrono Boost)  
  29  6:08  Adept x2  
  29  6:10  Probe (Chrono Boost)  
  34  6:14  Probe (Chrono Boost)  
  35  6:18  Pylon  
  35  6:22  Probe (Chrono Boost)  
  36  6:34  Probe (Chrono Boost)  
  34  6:46  Probe (Chrono Boost)  
  19  6:55  Pylon  
  19  6:58  Probe (Chrono Boost)  
  19  7:00  Pylon  
  8  7:08  Probe (Chrono Boost)  
  8  7:10  Probe (Chrono Boost)  
  7  7:20  Probe (Chrono Boost)  
  9  7:22  Probe (Chrono Boost)  
  9  7:33  Probe (Chrono Boost)  
  9  7:35  Probe (Chrono Boost)  
  9  7:39  Pylon  
Tags
 
Add a new tag
Caveats
  • Supply blocks, unpowered buildings, or Contaminate may cause inaccurate times.
  • Supply counts are checked every 10 seconds.